 Dungeon Crawl Stone Soup version 0.28-a0-983-g1de4e0787c (webtiles) character file.

Game seed: 17442912844296316689

5060 Lavandula the Quickloader (level 10, -8/85 HPs)
             Began as a Naga Arcane Marksman on Dec 3, 2021.
             Was a Priest of Okawaru.
             Mangled by a vampire (11 damage)
             ... on level 9 of the Dungeon.
             The game lasted 00:26:33 (12084 turns).

Lavandula the Quickloader (Naga Arcane Marksman)   Turns: 12084, Time: 00:26:34

Health: -8/85      AC:  8    Str: 12    XL:     10   Next: 56%
Magic:  9/11       EV: 15    Int: 13    God:    Okawaru [***...]
Gold:   455        SH:  0    Dex: 17    Spells: 3/11 levels left

rFire   . . .      SeeInvis +   z - +3 quarterstaff (chaos)
rCold   + . .      Faith    .   (shield currently unavailable)
rNeg    . . .      Spirit   .   F - +2 leather armour {rC+}
rPois   +          Reflect  .   (no helmet)
rElec   .          Harm     .   A - +0 cloak
rCorr   .          Rampage  .   (no gloves)
Will    +....                   (no barding)
Stlth   +++.......              (no amulet)
HPRegen 0.24/turn               (no ring)
MPRegen 0.12/turn               (no ring)

@: heroic, very slow
A: AC +3, large, see invisible, deformed body, poison resistance, slowness 2,
spit poison 1, naga tail 1
a: Spit Poison, Renounce Religion, Heroism


You were on level 9 of the Dungeon.
You worshipped Okawaru.
Okawaru was most pleased with you.
You visited 2 branches of the dungeon, and saw 10 of its levels.

You collected 476 gold pieces.
You spent 21 gold pieces at shops.

Inventory:

Hand Weapons
 a - a +0 hand crossbow
 l - a +2 vorpal hand axe
 t - a +2 dire flail of draining
 z - a +3 quarterstaff of chaos (weapon)
 C - a +2 long sword of holy wrath
Missiles
 c - 63 bolts
Armour
 d - the +1 ring mail of Lifelessness {rF+ Will+}
   (You found it on level 6 of the Dungeon)

   rF:        It protects you from fire.
   Will:      It increases your willpower.
 A - a +0 cloak (worn)
 F - a +2 leather armour of cold resistance (worn)
Magical Staves
 h - a staff of death
Jewellery
 g - a +6 ring of intelligence
 n - a ring of resist corrosion
Wands
 j - a wand of mindburst (5)
Scrolls
 b - 3 scrolls of magic mapping
 e - a scroll of holy word {unknown}
 f - a scroll of fog {unknown}
 i - 2 scrolls of blinking {unknown}
 k - a scroll of torment {unknown}
 q - 4 scrolls of enchant armour {unknown}
 v - a scroll of acquirement {unknown}
 x - 2 scrolls of identify
 y - a scroll of brand weapon
 B - a scroll of summoning
 D - 2 scrolls of vulnerability
 E - a scroll of enchant weapon
Potions
 s - 2 potions of flight
 u - a potion of brilliance


   Skills:
 - Level 4.0(9.0) Fighting
 - Level 1.6(6.6) Short Blades
 - Level 3.0(8.0) Staves
 - Level 10.0(15.0) Crossbows
 - Level 6.5(11.5) Dodging
 - Level 1.0 Spellcasting
 - Level 3.0 Hexes
 + Level 1.4 Invocations
 - Level 5.3 Evocations


You had 3 spell levels left.
You knew the following spells:

 Your Spells              Type           Power      Damage    Failure   Level
a - Slow                  Hex            32%        N/A       11%         1
b - Poisonous Vapours     Pois/Air       0%         N/A       47%         2
c - Inner Flame           Hex/Fire       4%         N/A       50%         3
d - Corpse Rot            Necr/Air       0%         N/A       47%         2

Your spell library contained the following spells:

 Spells                   Type           Power      Damage    Failure   Level
 Portal Projectile        Hex/Tloc       8%         N/A       50%         3
 Cause Fear               Hex            4%         N/A       71%         4
 Leda's Liquefaction      Hex/Erth       2%         N/A       88%         4
 Lee's Rapid Deconstruct  Erth           0%         3d5*      100%        5
 Statue Form              Tmut/Erth      0%         N/A       100%        6


Dungeon Overview and Level Annotations

Branches:
Dungeon (9/15)             Temple (1/1) D:6
   Lair: D:8-11         Orc: D:9-12

Altars:
Ashenzari
Dithmenos
Elyvilon
Fedhas
Gozag
Hepliaklqana
Kikubaaqudgha
Makhleb
Nemelex Xobeh
Okawaru
Ru
Sif Muna
Trog
Uskayaw
Vehumet
Wu Jian
Xom
Yredelemnul
Zin
The Shining One

Shops:
D:6 *

Annotations:
D:5 3 runed translucent doors, paps's ghost, weakling OpDe
D:6 Maggie
D:8 exclusion: door


Innate Abilities, Weirdness & Mutations

Your serpentine skin is tough. (AC +3)
You have supernaturally acute eyesight. (SInv)
Armour fits poorly on your strangely shaped body.
Your system is resistant to poisons. (rPois)
You cover ground very slowly.
You can spit poison.
You have a snake-like lower body.


Message History

The vampire draws strength from your injuries!
The vampire hits you.
* * * LOW HITPOINT WARNING * * *
The vampire barely misses you.
Unknown command.
You feel less confused. The vampire closely misses you.
The vampire bites you but does no damage.
The vampire hits you.
* * * LOW HITPOINT WARNING * * *
The vampire misses you.
Unknown command.
The vampire gestures wildly while chanting.
The vampire flickers and vanishes for a moment.
Okay, then.
Okay, then.
Unknown command.
Okay, then.
As you read the scroll of summoning, it crumbles to dust.
Wisps of shadow whirl around you...
The shadows disperse without effect.
The vampire barely misses you.
The vampire bites you but does no damage.
Okay, then.
Okay, then.
Unknown command.
Okay, then.
You gain the combat prowess of a mighty hero.
The vampire closely misses you.
The vampire bites you but does no damage.
The vampire completely misses you. The vampire bites you.
* * * LOW HITPOINT WARNING * * *
The vampire draws strength from your injuries!
Unknown command.
You hit the vampire.
The vampire resists with almost no effort.
The vampire is lightly damaged.
The vampire hits you!
* * * LOW HITPOINT WARNING * * *
The vampire bites you!
You die...

.....##.##.#
....##...###
...##.....##
..##.......##
.##....#....##
##⌠...###...⌠###
##....#....##.# ##
##.......##..##.##
##.....##...V@..#
. ##...####......#
...
##.##........##
.....#'#..##.....#
#..............#
#...........####
##.....#.....#
#.##........# )..
....#...##


You could see a vampire (fast, invisible).

Vanquished Creatures
  Harold (D:8)
  A hydra (D:8)
  A two-headed ogre (D:8)
  Sigmund (D:4)
  A shadow (D:9)
  2 steam dragons
  Edmund (D:4)
  An acid dragon (D:8)
  2 water moccasins
  An ice beast (D:7)
  2 black bears
  An orc warrior (D:5)
  A sky beast (D:6)
  3 centaurs
  A kobold brigand (D:8)
  Blork the orc (D:5)
  3 bullfrogs
  3 scorpions
  5 killer bees (D:9)
  3 howler monkeys
  A howler monkey (shapeshifter) (D:8)
  2 centaur zombies
  A bullfrog zombie (D:3)
  A gnoll shaman (D:8)
  2 hounds
  A jelly (D:7)
  Crazy Yiuf (D:4)
  2 iguanas (D:7)
  5 orc wizards
  10 gnolls
  A howler monkey skeleton (D:5)
  7 adders
  A white imp (D:7)
  An ufetubus (D:6)
  2 adder skeletons
  5 dart slugs
  17 orcs
  7 endoplasms
  A giant cockroach (D:3)
  5 goblins
  3 hobgoblins
  6 jackals
  7 kobolds
  3 quokkas
  4 ball pythons
  5 bats
  A frilled lizard (D:1)
  7 rats
144 creatures vanquished.

Vanquished Creatures (others)
  A killer bee (D:9)
  An orc wizard (D:3)
2 creatures vanquished.

Grand Total: 146 creatures vanquished

Notes
Turn   | Place    | Note
-------+----------+-------------------------------------------
     0 | D:1      | Lavandula the Naga Arcane Marksman began the quest for the
                  | Orb.
     0 | D:1      | Reached XP level 1. HP: 18/18 MP: 2/2
    12 | D:1      | Reached skill level 2 in Crossbows
   188 | D:1      | Reached XP level 2. HP: 25/25 MP: 3/3
  1182 | D:1      | Reached skill level 3 in Crossbows
  1322 | D:2      | Reached XP level 3. HP: 25/31 MP: 4/4
  1657 | D:2      | Found a hide-covered altar of Uskayaw.
  1736 | D:2      | Reached XP level 4. HP: 38/38 MP: 5/5
  2031 | D:2      | Reached skill level 1 in Short Blades
  2229 | D:2      | You fall into a shaft and drop 2 floors!
  2330 | D:3      | Reached XP level 5. HP: 8/46 MP: 6/6
  3063 | D:3      | Reached XP level 6. HP: 43/57 MP: 7/7
  3395 | D:3      | Reached skill level 4 in Crossbows
  4064 | D:4      | Noticed Edmund
  4072 | D:4      | Killed Edmund
  4250 | D:4      | Found a runed translucent door.
  4251 | D:4      | Noticed Crazy Yiuf
  4421 | D:4      | Reached skill level 5 in Crossbows
  4421 | D:4      | Reached XP level 7. HP: 64/64 MP: 8/8
  4449 | D:4      | Found a sacrificial altar of Ru.
  5027 | D:4      | Noticed Sigmund
  5044 | D:4      | Killed Sigmund
  5045 | D:4      | Reached skill level 6 in Crossbows
  5531 | D:4      | Killed Crazy Yiuf
  5610 | D:5      | Entered Level 5 of the Dungeon
  5664 | D:5      | Noticed Blork the orc
  5669 | D:5      | Killed Blork the orc
  5679 | D:5      | Reached skill level 7 in Crossbows
  5679 | D:5      | Reached XP level 8. HP: 53/72 MP: 9/9
  6008 | D:5      | Found a runed translucent gate.
  6008 | D:5      | Found a runed translucent gate.
  6008 | D:5      | Found a runed translucent gate.
  6011 | D:5      | Noticed paps's ghost (weakling OpDe)
  6113 | D:5      | Reached skill level 1 in Staves
  6988 | D:6      | Learned a level 2 spell: Poisonous Vapours
  7294 | D:6      | Found a staircase to the Ecumenical Temple.
  7555 | Temple   | Entered the Ecumenical Temple
  7684 | Temple   | Became a worshipper of Warmaster Okawaru
  7760 | D:6      | Identified the +1 ring mail of Lifelessness {rF+ Will+}
  7835 | D:6      | Noticed Maggie
  7974 | D:6      | Reached skill level 8 in Crossbows
  8217 | D:6      | Found Sets's CLEARANCE SALE!.
  8229 | D:6      | Bought a scroll of fear for 21 gold pieces
  8644 | D:7      | Reached skill level 9 in Crossbows
  8644 | D:7      | Reached XP level 9. HP: 52/78 MP: 10/10
  8648 | D:7      | Learned a level 3 spell: Inner Flame
  8651 | D:7      | Learned a level 2 spell: Corpse Rot
  8809 | D:7      | Reached * piety under Okawaru
  9360 | D:8      | Noticed Harold
  9446 | D:8      | Killed Harold
  9446 | D:8      | Reached ** piety under Okawaru
  9447 | D:8      | Reached skill level 10 in Crossbows
 10053 | D:8      | Noticed a five-headed hydra
 10066 | D:8      | Killed a five-headed hydra
 10067 | D:8      | Reached skill level 5 in Dodging
 10067 | D:8      | Reached XP level 10. HP: 11/85 MP: 9/11
 10406 | D:8      | Identified the +2 ring mail of Past Mistakes {Contam rElec
                  | rF+ rC+++}
 10575 | D:8      | Reached *** piety under Okawaru
 10887 | D:8      | Noticed a glowing orange brain
 11007 | D:8      | Noticed a two-headed ogre
 11014 | D:8      | Killed a two-headed ogre
 11499 | D:9      | HP: 4/85 [shadow (2)]
 11502 | D:9      | HP: 1/85 [centaur (6)]
 11504 | D:9      | Reached skill level 5 in Evocations
 11513 | D:9      | HP: 3/85 [killer bee (1)]
 12024 | D:9      | Reached skill level 1 in Invocations
 12084 | D:9      | HP: 3/85 [vampire (10)]
 12084 | D:9      | Mangled by a vampire

Illustrated notes

Levels and vault maps discovered:
D:1:      dpeg_arrival_simpleton_a, layout_basic
D:2:      layout_basic, basic_altar
D:3:      layout_basic
D:4:      layout_cave_pods, lemuel_crystal_altar, uniq_crazy_yiuf_cottage,
          uniq_edmund, uniq_sigmund
D:5:      layout_basic, gammafunk_ghost_necromancy, uniq_blork_the_orc
D:6:      layout_loops_cross, minmay_temple_entry_stoned_glass,
          nicolae_shop_clearance, uniq_maggie
D:7:      layout_loops_ring
D:8:      layout_basic, kennysheep_just_a_vault, uniq_harold
D:9:      layout_cave_pools, david_orc_2, nzn_life_drinkers
Temple:   mainiacjoe_temple_archimedes_tessellation

Skill      XL: |  1  2  3  4  5  6  7  8  9 10 |
---------------+-------------------------------+-----
Crossbows      | 2 3 5 7 9 10 | 10.0
Short Blades   | 1 |  1.6
Fighting       | 2 4 |  4.0
Staves         | 3 |  3.0
Dodging        | 5 6 |  6.5
Evocations     | 5 |  5.3
Invocations    | 1 |  1.4
Spellcasting   | |  1.0
Hexes          | |  3.0

Action                   |  1- 3 |  4- 6 |  7- 9 | 10-12 || total
-------------------------+-------+-------+-------+-------++-------
Melee: Unarmed           |     5 |       |       |       ||     5
       Dagger            |    29 |    44 |       |       ||    73
       Staff             |       |    28 |       |       ||    28
       Hand axe          |       |    24 |    11 |       ||    35
       Dire flail        |       |       |     6 |       ||     6
       Hand crossbow     |       |       |     1 |       ||     1
       Quarterstaff      |       |       |    18 |    37 ||    55
 Fire: Hand crossbow     |    48 |    35 |   195 |   106 ||   384
 Cast: Slow              |     1 |       |       |       ||     1
       Poisonous Vapours |       |       |     1 |       ||     1
Invok: Heroism           |       |       |     2 |     2 ||     4
 Abil: Spit Poison       |    13 |    18 |    30 |     9 ||    70
Evoke: Wand              |       |     3 |     2 |     8 ||    13
  Use: Potion            |       |     3 |     9 |     2 ||    14
       Scroll            |       |       |     8 |     3 ||    11
 Stab: Sleeping          |       |     3 |       |       ||     3
       Invisible         |       |     2 |       |     5 ||     7
Armor: Robe              |    22 |    19 |     8 |       ||    49
       Skin              |       |     8 |    10 |       ||    18
       Leather armour    |       |       |    56 |    46 ||   102
Dodge: Dodged            |    45 |    55 |   114 |   114 ||   328

Table legend: (Time is in decaauts)
 A = Elapsed time spent in this place.
 B = Non-inter-level travel time spent in this place.
 C = Inter-level travel time spent in this place.
 D = Time resting spent in this place.
 E = Time spent auto-exploring this place.
 F = Levels seen in this place.
 G = Mean time per level.
                   A        B        C        D        E       F      G
               +--------+--------+--------+--------+--------+-----+--------+
         Total |  14509 |  13901 |    608 |   3520 |   8523 |  10 | 1450.9 |
       Dungeon |  14311 |  13720 |    591 |   3520 |   8375 |   9 | 1590.1 |
        Temple |    197 |    181 |     16 |      0 |    148 |   1 |  197.0 |
               +--------+--------+--------+--------+--------+-----+--------+

Top non-repeatable levels by time:
     D:8: 2832 daAuts
     D:4: 1914 daAuts
     D:3: 1870 daAuts
     D:6: 1721 daAuts
     D:1: 1552 daAuts
     D:5: 1538 daAuts
     D:2: 1461 daAuts
     D:7: 1083 daAuts
     D:9: 337 daAuts
  Temple: 197 daAuts
